 Dungeon Sprint DCSS version 0.21.2 (webtiles) character file.

27412 Fang the Severer (level 13, -8/100 HPs)
             Began as a Gargoyle Berserker on Oct 29, 2018.
             Was the Champion of Trog.
             Killed by mirror damage (23 damage)
             ... in the Dungeon (Sprint VII: "The Pits").
             The game lasted 00:07:11 (3345 turns).

Fang the Severer (Gargoyle Berserker)               Turns: 3345, Time: 00:07:12

Health: -8/100     AC: 29    Str: 29    XL:     13   Next: 32%
Magic:  13/13      EV: 15    Int: 10    God:    Trog [******]
Gold:   10         SH:  0    Dex: 14    Spells: 12/12 levels left

rFire    + . .     SeeInvis .   v - +6 broad axe "Bemeutav" {freeze, +Inv rF++}
rCold    + + .     Gourm    .   (no shield)
rNeg     + . .     Faith    .   E - +0 ice dragon scales "Mufawk" {+Blink rF- rC++ Dex+2}
rPois    ∞         Spirit   .   u - +0 helmet
rElec    +         Reflect  .   (no cloak)
rCorr    .         Harm     .   (no gloves)
MR       .....     NoTele   +   (no boots)
Stlth    +.........             (no amulet)
HPRegen  0.26/turn              p - +3 ring of protection
MPRegen  0.13/turn              r - +3 ring of dexterity

@: mighty, berserk cooldown, slowed, very slow
A: negative energy resistance 1, electricity resistance, unbreathing,
petrification resistance, rot immunity, AC +9
a: Berserk, Trog's Hand, Brothers in Arms, Burn Spellbooks, Renounce Religion,
Evoke Blink, Evoke Invisibility


You were in the Dungeon.
You worshipped Trog.
Trog was exalted by your worship.
You were not hungry.

You visited 1 branch You collected 10 gold pieces.

Inventory:

Hand Weapons
 b - a +3 hand axe of flaming
 j - the +7 battleaxe of the Skies Above {vamp, MR+ Stlth+, unknown}
   (Trog gifted it to you in the Dungeon)

   It inflicts no extra harm, but heals its wielder when it wounds a living foe.
   It affects your resistance to hostile enchantments.
   It makes you more stealthy.
 m - a +1 hand axe of chopping
 t - a +2 war axe of freezing
 v - the +6 broad axe "Bemeutav" (weapon) {freeze, +Inv rF++}
   (Trog gifted it to you in the Dungeon)

   It has been specially enchanted to freeze those struck by it, causing extra
   injury to most foes and up to half again as much damage against particularly
   susceptible opponents.
   It can also slow down cold-blooded creatures.
   It greatly protects you from fire.
   It lets you turn invisible.
 F - a +4 executioner's axe of venom
 J - a +8 antimagic battleaxe
 L - a +4 battleaxe of electrocution
Armour
 n - a +3 chain mail
 u - a +0 helmet (worn)
 E - the +0 ice dragon scales "Mufawk" (worn) {+Blink rF- rC++ Dex+2}
   (You found it in the Dungeon)

   It affects your dexterity (+2).
   It makes you vulnerable to fire.
   It greatly protects you from cold.
   It lets you blink.
Jewellery
 p - a +3 ring of protection (left hand)
 r - a +3 ring of dexterity (right hand)
 w - an uncursed ring of protection from cold
Scrolls
 i - a scroll of blinking
 k - 2 scrolls of remove curse
 l - a scroll of summoning
 x - 2 scrolls of enchant armour
 y - 7 scrolls of enchant weapon
 A - 2 scrolls of identify
 B - a scroll of fog
 D - 2 scrolls of magic mapping
Potions
 a - 2 potions of invisibility
 d - 11 potions of curing
 e - 13 potions of heal wounds
 f - 4 potions of haste
 g - 5 potions of magic
 h - 4 potions of berserk rage
 o - 2 potions of cancellation {unknown}
 q - 2 potions of might
 s - a potion of resistance
 z - 2 potions of brilliance
 C - a potion of agility
 H - 2 potions of lignification {unknown}
Comestibles
 c - 18 rations


   Skills:
 + Level 19.5 Fighting
 + Level 20.7 Axes
 + Level 14.5 Armour
 + Level 8.0 Dodging
 + Level 3.4 Stealth


You had 12 spell levels left.
You didn't know any spells.

Dungeon Overview and Level Annotations

Branches:
Dungeon (1/1)

Altars:
Ashenzari
Cheibriados
Dithmenos
Elyvilon
Fedhas
Gozag
Hepliaklqana
Kikubaaqudgha
Makhleb
Nemelex Xobeh
Okawaru
Qazlal
Ru
Sif Muna
Trog
Uskayaw
Vehumet
Wu Jian
Xom
Yredelemnul
Zin
The Shining One
Beogh
Jiyva
Lugonu


Innate Abilities, Weirdness & Mutations

You are resistant to torment.
Your stone body is resilient. (AC +9)
You are immune to poison.
You resist negative energy. (rN+)
You are resistant to electric shocks. (rElec)
You can survive without breathing.
You are immune to petrification.
You are immune to rotting.


Message History

You're still recovering from your berserk rage.
You closely miss the death knight.
The death knight is lightly wounded.
The death knight hits you with a great mace!
* * * LOW HITPOINT WARNING * * *
You hit the death knight. You freeze the death knight.
The death knight is lightly wounded.
The death knight reflects your damage back at you!
* * * LOW HITPOINT WARNING * * *
The death knight hits you with a great mace!
* * * LOW HITPOINT WARNING * * *
Unknown command.
You closely miss the death knight.
The death knight is lightly wounded.
Unknown command.
Unknown command.
You slice the death knight!! You freeze the death knight.
The death knight is severely wounded.
The death knight reflects your damage back at you!
You die...

+..#....#.. +..........
#..........
#######################..#....#..
#....................''..........
#....................''..........
#..################..##..#....#..
#..# #†#†#..##.......... #..#
#@#)).##.......... #..#
#p#$#..####''####++ #..#
#4#.##..####''####++ #..# #.#.#
#..##......##..
#..################..##.#'##.##..
#....................##.#.)'.##..
#....................##.)).#.##..
##########''###########.#).'.##..
##########''###########.').#.##..


You could see a death knight and an ice devil.

Vanquished Creatures
  A sphinx (D)
  A nagaraja (D)
  An azure jelly (D)
  A deep elf sorcerer (D)
  A black draconian (D)
  A deep elf annihilator (D)
  An eidolon (D)
  A catoblepas (D)
  A merfolk aquamancer (D)
  An orc high priest (D)
  Nergalle (D)
  3 skeletal warriors (D)
  A shadow wraith (D)
  An iron troll (D)
  A flayed ghost (D)
  3 wizards (D)
  3 harpies (D)
  An orc sorcerer (D)
  A black mamba (D)
  An eye of devastation (D)
  Joseph (D)
  2 guardian serpents (D)
  3 rust devils (D)
  A gargoyle (D)
  A rime drake (D)
  A guardian mummy (D)
  2 efreet (D)
  A komodo dragon (D)
  A troll (D)
  A polar bear (D)
  2 merfolk (D)
  A bog body (D)
  6 dream sheep (D)
  A snapping turtle (D)
  2 spriggans (D)
  A flying skull (D)
  A tarantella (D)
  A fire bat (D)
  An air elemental (D)
  Eustachio (D)
  2 water elementals (D)
  A small abomination (D)
  6 yaks (D)
  A neqoxec (D)
  A basilisk (D)
  A steam dragon (D)
  Menkaure (D)
  A water moccasin (D)
  A soldier ant (D)
  2 floating eyes (D)
  2 black bears (D)
  2 sky beasts (D)
  An ogre (D)
  2 wolves (D)
  A crocodile (D)
  A bullfrog (D)
  An earth elemental (D)
  A crimson imp (D)
  A hound (D)
  A jelly (D)
  A gnoll shaman (D)
  2 orc priests (D)
  An iron imp (D)
  An orc wizard (D)
  A worker ant (D)
  2 iguanas (D)
  A mummy (D)
  3 gnolls (D)
  A white imp (D)
  An ufetubus (D)
  An ooze (D)
  An adder skeleton (D)
  A leopard gecko (D)
  5 orcs (D)
  A bat (D)
  A bat skeleton (D)
  A goblin (D)
  8 jackals (D)
  A ball python skeleton (D)
  A frilled lizard (D)
  A jackal zombie (D)
  A kobold (D)
124 creatures vanquished.

Vanquished Creatures (others)
  An azure jelly (D)
  A hellion (D)
2 creatures vanquished.

Grand Total: 126 creatures vanquished

Notes
Turn   | Place    | Note
-------+----------+-------------------------------------------
     0 | D        | Fang the Gargoyle Berserker began the quest for the Orb.
     0 | D        | Reached XP level 1. HP: 14/14 MP: 1/1
    11 | D        | Noticed a floating eye
    13 | D        | Paralysed by a floating eye for 2 turns
    19 | D        | Killed a floating eye
    19 | D        | Reached skill level 5 in Axes
    19 | D        | Reached XP level 2. HP: 24/24 MP: 2/2
    19 | D        | Reached XP level 3. HP: 28/28 MP: 3/3
    19 | D        | Reached XP level 4. HP: 34/34 MP: 4/4
    24 | D        | Found a bloodstained altar of Trog.
    24 | D        | Found a deep blue altar of Sif Muna.
    24 | D        | Found a viscous altar of Jiyva.
    24 | D        | Found a hazy altar of Hepliaklqana.
    24 | D        | Found an opulent altar of Gozag.
    25 | D        | Found a glowing golden altar of the Shining One.
    25 | D        | Found a glowing silver altar of Zin.
    25 | D        | Found a basalt altar of Yredelemnul.
    25 | D        | Found a shimmering altar of Xom.
    25 | D        | Found an ornate altar of the Wu Jian Council.
    25 | D        | Found a sacrificial altar of Ru.
    25 | D        | Found a stormy altar of Qazlal.
    25 | D        | Found an iron altar of Okawaru.
    25 | D        | Found a sparkling altar of Nemelex Xobeh.
    25 | D        | Found a burning altar of Makhleb.
    25 | D        | Found a blossoming altar of Fedhas.
    25 | D        | Found a white marble altar of Elyvilon.
    25 | D        | Found a shadowy altar of Dithmenos.
    25 | D        | Found a snail-covered altar of Cheibriados.
    27 | D        | Found a radiant altar of Vehumet.
    27 | D        | Found a corrupted altar of Lugonu.
    27 | D        | Found a roughly hewn altar of Beogh.
    61 | D        | Noticed a floating eye
    62 | D        | Paralysed by a floating eye for 2 turns
    68 | D        | Paralysed by a floating eye for 3 turns
    71 | D        | Killed a floating eye
    71 | D        | Reached ** piety under Trog
    71 | D        | Reached skill level 7 in Axes
    71 | D        | Reached XP level 5. HP: 40/40 MP: 5/5
    88 | D        | Reached *** piety under Trog
    95 | D        | Noticed a sky beast
   101 | D        | Reached **** piety under Trog
   104 | D        | Killed a sky beast
   104 | D        | Reached skill level 8 in Axes
   104 | D        | Reached XP level 6. HP: 47/47 MP: 6/6
   211 | D        | Received a gift from Trog
   211 | D        | Reached skill level 5 in Armour
   217 | D        | Reached skill level 10 in Fighting
   218 | D        | Reached ***** piety under Trog
   218 | D        | Reached skill level 9 in Axes
   330 | D        | Reached XP level 7. HP: 52/52 MP: 7/7
   343 | D        | Noticed a soldier ant
   349 | D        | Killed a soldier ant
   375 | D        | Noticed Menkaure
   390 | D        | Killed Menkaure
   390 | D        | Reached skill level 10 in Axes
   618 | D        | Noticed a flying skull
   618 | D        | Noticed a basilisk
   627 | D        | Killed a basilisk
   627 | D        | Reached ****** piety under Trog
   627 | D        | Reached XP level 8. HP: 50/60 MP: 8/8
   628 | D        | Killed a flying skull
   628 | D        | Reached skill level 11 in Axes
   843 | D        | Found a hide-covered altar of Uskayaw.
   843 | D        | Found an ancient bone altar of Kikubaaqudgha.
   843 | D        | Found a shattered altar of Ashenzari.
   865 | D        | Noticed a flayed ghost
   869 | D        | Received a gift from Trog
   873 | D        | Killed a flayed ghost
   873 | D        | Reached skill level 12 in Axes
   873 | D        | Reached skill level 5 in Dodging
   873 | D        | Reached XP level 9. HP: 65/65 MP: 9/9
   994 | D        | Noticed an eye of devastation
   994 | D        | Noticed an efreet
   995 | D        | Noticed a troll
  1004 | D        | Killed an efreet
  1004 | D        | Reached skill level 13 in Axes
  1004 | D        | Reached skill level 1 in Stealth
  1004 | D        | Killed an eye of devastation
  1005 | D        | Killed a troll
  1118 | D        | Received a gift from Trog
  1271 | D        | Reached skill level 14 in Axes
  1275 | D        | Noticed a guardian mummy
  1275 | D        | Noticed a rime drake
  1283 | D        | Killed a guardian mummy
  1283 | D        | Reached skill level 10 in Armour
  1283 | D        | Reached XP level 10. HP: 73/73 MP: 10/10
  1394 | D        | Received a gift from Trog
  1398 | D        | Noticed a black mamba
  1402 | D        | Killed a black mamba
  1406 | D        | Received a gift from Trog
  1453 | D        | Noticed Joseph
  1472 | D        | Killed Joseph
  1472 | D        | Reached skill level 15 in Axes
  1513 | D        | Noticed an eidolon
  1513 | D        | Noticed a wizard
  1514 | D        | Noticed Eustachio
  1520 | D        | Killed an eidolon
  1524 | D        | Killed a wizard
  1536 | D        | Killed Eustachio
  1536 | D        | Received a gift from Trog
  1645 | D        | Noticed a guardian serpent
  1647 | D        | Killed a guardian serpent
  1647 | D        | Reached skill level 16 in Axes
  1661 | D        | Killed a shadow wraith
  1661 | D        | Received a gift from Trog
  1661 | D        | Reached XP level 11. HP: 66/80 MP: 3/11
  1821 | D        | Noticed a skeletal warrior
  1821 | D        | Noticed a skeletal warrior
  1821 | D        | Noticed a skeletal warrior
  1826 | D        | Reached skill level 15 in Fighting
  1836 | D        | Killed a skeletal warrior
  1838 | D        | Received a gift from Trog
  1843 | D        | Killed a skeletal warrior
  1846 | D        | Killed a skeletal warrior
  1846 | D        | Reached skill level 17 in Axes
  2114 | D        | Killed an azure jelly
  2169 | D        | Received a gift from Trog
  2314 | D        | Noticed a wizard
  2318 | D        | Killed a wizard
  2325 | D        | Received a gift from Trog
  2330 | D        | Got a crystal broad axe {god gift}
  2331 | D        | Identified the +6 broad axe "Bemeutav" {freeze, +Inv rF++} (Trog gifted it to you in the Dungeon)
  2337 | D        | Noticed an orc high priest
  2338 | D        | Noticed Nergalle
  2339 | D        | Noticed an orc sorcerer
  2349 | D        | Killed an orc high priest
  2350 | D        | Killed Nergalle
  2350 | D        | Reached skill level 18 in Axes
  2353 | D        | Killed an orc sorcerer
  2356 | D        | Received a gift from Trog
  2416 | D        | Noticed a merfolk aquamancer
  2437 | D        | Killed a merfolk aquamancer
  2437 | D        | Received a gift from Trog
  2437 | D        | Reached XP level 12. HP: 37/90 MP: 8/12
  2441 | D        | Received a gift from Trog
  2870 | D        | Noticed an azure jelly
  2870 | D        | Noticed a deep elf sorcerer
  2870 | D        | Noticed a sphinx
  2870 | D        | Noticed a nagaraja
  2876 | D        | Killed an azure jelly
  2876 | D        | Received a gift from Trog
  2876 | D        | Reached skill level 19 in Axes
  2879 | D        | Killed a sphinx
  2881 | D        | Killed a deep elf sorcerer
  2882 | D        | Noticed a black draconian
  2889 | D        | Killed a black draconian
  2893 | D        | Received a gift from Trog
  2903 | D        | Killed a nagaraja
  2903 | D        | Reached skill level 20 in Axes
  2917 | D        | Got the cursed +0 ice dragon scales "Mufawk" {+Blink rF- rC++ Dex+2}
  3284 | D        | Noticed a deep elf annihilator
  3292 | D        | Reached XP level 13. HP: 99/99 MP: 13/13
  3304 | D        | Received a gift from Trog
  3320 | D        | Killed a deep elf annihilator
  3320 | D        | Received a gift from Trog
  3325 | D        | Got an ebony battleaxe {god gift}
  3341 | D        | Received a gift from Trog
  3345 | D        | Killed by mirror damage

Skill      XL: |  1  2  3  4  5  6  7  8  9 10 11 12 13 |
---------------+----------------------------------------+-----
Fighting       | 7 8 9 10 11 12 13 14 16 18 19 | 19.5
Axes           | 5 7 8 9 10 12 14 16 18 20 | 20.7
Armour         | 3 4 5 6 8 10 11 12 13 14 | 14.5
Dodging        | 2 3 4 5 6 7 8 |  8.0
Stealth        | 1 2 3 |  3.4

Action                   |  1- 3 |  4- 6 |  7- 9 | 10-12 | 13-15 || total
-------------------------+-------+-------+-------+-------+-------++-------
Melee: Hand axe          |     6 |    51 |    35 |       |       ||    92
       War axe           |       |       |    43 |    47 |       ||    90
       Battleaxe         |       |       |       |    48 |       ||    48
       Broad axe         |       |       |       |    78 |    39 ||   117
       Executioner's axe |       |       |       |     9 |       ||     9
Invok: Berserk           |       |     1 |     4 |     6 |       ||    11
  Use: Scroll            |       |       |       |     1 |       ||     1
       Potion            |       |       |       |     1 |       ||     1
  Eat: Chunk             |       |       |     5 |    11 |     2 ||    18
Armor: Animal skin       |       |    17 |       |       |       ||    17
       Chain mail        |       |    17 |    35 |   132 |       ||   184
       Ice dragon scales |       |       |       |     2 |    11 ||    13
Dodge: Dodged            |       |    23 |    31 |    72 |    20 ||   146
